[ AOE2 MATCH · #465784827 ]
UnrankedMalians vs Cumans
[ REPLAY ANALYSIS · EXTRACTED FROM THE RECORDED GAME ]
Feudal
13:10
Castle
17:18
Imperial
—
| APM avg | 41.6 |
| APM peak | 63 |
| eAPM avg | 20.5 |
| Villagers / military | 76 / 62 |
Focus
⚔️ 45.1% · 🌾 54.9%
Gbeto ×53 · Unknown (2626) ×24 · Fishing Ship ×12 · Battering Ram ×9
Feudal
12:26
Castle
22:30
Imperial
—
| APM avg | 52.2 |
| APM peak | 115 |
| eAPM avg | 17.2 |
| Villagers / military | 75 / 42 |
Focus
⚔️ 29.6% · 🌾 70.4%
Kipchak ×42 · Fishing Ship ×4
Feudal
13:29
Castle
17:03
Imperial
35:17
| APM avg | 54.1 |
| APM peak | 88 |
| eAPM avg | 25.7 |
| Villagers / military | 137 / 62 |
Focus
⚔️ 32.2% · 🌾 67.8%
Knight ×49 · Fishing Ship ×7 · Monk ×6 · Mangonel ×3 · Scorpion ×3 · Unknown (2626) ×2
Feudal
11:35
Castle
22:41
Imperial
37:59
| APM avg | 37.3 |
| APM peak | 71 |
| eAPM avg | 23.1 |
| Villagers / military | 152 / 92 |
Focus
⚔️ 41.5% · 🌾 58.5%
Archer ×48 · Unknown (2626) ×32 · Fire Galley ×26 · Fishing Ship ×22 · Spearman ×10 · Galley ×8
Feudal
14:02
Castle
32:36
Imperial
—
| APM avg | 31.5 |
| APM peak | 92 |
| eAPM avg | 14.7 |
| Villagers / military | 61 / 17 |
Focus
⚔️ 38.7% · 🌾 61.3%
Fishing Ship ×12 · Archer ×11 · Scorpion ×6
Feudal
13:11
Castle
22:19
Imperial
37:31
| APM avg | 29.8 |
| APM peak | 62 |
| eAPM avg | 17.1 |
| Villagers / military | 84 / 59 |
Focus
⚔️ 35.6% · 🌾 64.4%
Galley ×23 · Fire Galley ×21 · Fishing Ship ×15 · Skirmisher ×8 · Mangonel ×3 · Demolition Raft ×3
Match map
Initial resources + every placement click. Lines = walls · curves = elevation contours. ◆ gold · ⬟ stone · ● berries · ✦ relic · ◌ wall gap
Your base· Open — 5t gap
Snrcrackles's base· Open — unwalled flank
Zombla's base· Open — unwalled flank
Player_3's base· Open — 9t gap
105er.DarkSheep's base· Open — 7t gap
rayane.tal22's base· Open — unwalled flank
Smoothed initial terrain · ◌ = detected wall gap · hover for details
Inputs per minute
— Rombla - - Snrcrackles
Build order — Rombla
First 150 of 266 actions detected
| 0:09 | Build | Town Center |
| 1:17 | Build | House |
| 1:20 | Build | Dock |
| 2:26 | Create | Villager (Male) |
| 2:27 | Create | Villager (Male) |
| 2:32 | Create | Villager (Male) |
| 3:13 | Create | Villager (Male) |
| 3:19 | Create | Fishing Ship |
| 3:38 | Build | House |
| 4:10 | Research | Loom |
| 4:36 | Create | Villager (Male) |
| 5:04 | Create | Villager (Male) |
| 5:06 | Create | Fishing Ship |
| 5:22 | Create | Villager (Male) |
| 5:44 | Create | Fishing Ship |
| 5:49 | Create | Villager (Male) |
| 6:01 | Build | House |
| 6:11 | Create | Villager (Male) |
| 6:33 | Create | Fishing Ship |
| 6:36 | Create | Villager (Male) |
| 6:54 | Create | Villager (Male) |
| 7:26 | Create | Villager (Male) |
| 7:31 | Build | House |
| 7:39 | Create | Fishing Ship |
| 7:40 | Create | Villager (Male) |
| 7:53 | Create | Fishing Ship |
| 8:03 | Create | Villager (Male) |
| 8:11 | Build | House |
| 8:38 | Create | Villager (Male) |
| 8:38 | Create | Villager (Male) |
| 8:41 | Create | Fishing Ship |
| 9:10 | Create | Villager (Male) |
| 9:12 | Create | Fishing Ship |
| 9:19 | Build | House |
| 10:04 | Create | Villager (Male) |
| 10:13 | Build | Mining Camp |
| 10:35 | Create | Villager (Male) |
| 10:39 | Build | Mining Camp |
| 10:55 | Research | Feudal Age |
| 11:28 | Create | Fishing Ship |
| 12:06 | Create | Villager (Male) |
| 12:06 | Create | Villager (Male) |
| 12:53 | Build | Lumber Camp |
| 12:59 | Build | Lumber Camp |
| 13:10 | Age | Feudal Age |
| 13:13 | Build | Stone Wall |
| 13:17 | Build | Mill |
| 13:23 | Build | Blacksmith |
| 14:00 | Build | Market |
| 14:02 | Create | Villager (Male) |
| 14:21 | Research | Double-Bit Axe |
| 14:38 | Research | Castle Age |
| 14:51 | Create | Unit 2626 |
| 15:19 | Build | House |
| 15:21 | Create | Unit 2626 |
| 15:27 | Create | Unit 2626 |
| 15:54 | Build | House |
| 15:56 | Create | Unit 2626 |
| 17:16 | Create | Unit 2626 |
| 17:18 | Age | Castle Age |
| 17:21 | Create | Villager (Male) |
| 17:25 | Build | Castle |
| 17:27 | Create | Villager (Male) |
| 17:29 | Research | Bow Saw |
| 17:33 | Research | Tech 906 |
| 18:10 | Build | Dock |
| 18:24 | Create | Villager (Male) |
| 18:36 | Create | Villager (Male) |
| 18:38 | Create | Unit 2626 |
| 18:48 | Research | War Galley (upgrade) |
| 19:03 | Create | Villager (Male) |
| 19:05 | Create | Gbeto |
| 19:05 | Create | Gbeto |
| 19:14 | Build | House |
| 19:17 | Create | Unit 2626 |
| 19:25 | Research | Forging |
| 19:32 | Build | Mill |
| 19:37 | Create | Villager (Male) |
| 19:47 | Create | Gbeto |
| 19:54 | Research | Scale Mail Armor |
| 19:59 | Create | Unit 2626 |
| 20:00 | Create | Unit 2626 |
| 20:02 | Create | Gbeto |
| 20:03 | Create | Gbeto |
| 20:15 | Create | Gbeto |
| 20:23 | Create | Gbeto |
| 20:41 | Create | Unit 2626 |
| 20:42 | Create | Unit 2626 |
| 20:43 | Create | Villager (Male) |
| 21:05 | Create | Gbeto |
| 21:22 | Create | Villager (Male) |
| 21:25 | Research | Gillnets |
| 21:26 | Create | Villager (Male) |
| 21:30 | Research | Stone Mining |
| 21:41 | Create | Gbeto |
| 21:45 | Create | Gbeto |
| 22:06 | Build | Town Center |
| 22:22 | Create | Villager (Male) |
| 22:23 | Create | Gbeto |
| 22:23 | Create | Gbeto |
| 22:39 | Create | Unit 2626 |
| 22:39 | Create | Unit 2626 |
| 22:51 | Create | Villager (Male) |
| 22:52 | Create | Gbeto |
| 23:44 | Create | Villager (Male) |
| 23:44 | Create | Villager (Male) |
| 23:46 | Create | Unit 2626 |
| 23:47 | Create | Unit 2626 |
| 23:52 | Create | Villager (Male) |
| 24:14 | Create | Villager (Male) |
| 24:14 | Create | Gbeto |
| 24:15 | Create | Gbeto |
| 24:35 | Build | House |
| 24:36 | Build | House |
| 24:36 | Build | House |
| 24:41 | Build | Farm |
| 24:43 | Build | Farm |
| 24:44 | Build | Farm |
| 24:45 | Build | Farm |
| 24:46 | Research | Horse Collar |
| 24:52 | Create | Villager (Male) |
| 25:09 | Create | Unit 2626 |
| 25:09 | Create | Unit 2626 |
| 25:10 | Create | Villager (Male) |
| 25:15 | Build | House |
| 25:16 | Build | House |
| 25:16 | Build | House |
| 25:31 | Build | House |
| 25:34 | Create | Gbeto |
| 25:38 | Create | Gbeto |
| 25:39 | Create | Villager (Male) |
| 25:45 | Create | Villager (Male) |
| 25:47 | Build | Lumber Camp |
| 25:54 | Create | Fishing Ship |
| 25:54 | Create | Fishing Ship |
| 25:54 | Create | Fishing Ship |
| 26:03 | Create | Villager (Male) |
| 26:16 | Create | Villager (Male) |
| 26:19 | Create | Gbeto |
| 26:22 | Build | Castle |
| 27:12 | Create | Gbeto |
| 27:15 | Create | Villager (Male) |
| 27:15 | Create | Villager (Male) |
| 27:23 | Create | Villager (Male) |
| 27:35 | Build | Town Center |
| 27:44 | Build | Dock |
| 27:47 | Create | Unit 2626 |
| 27:47 | Create | Unit 2626 |
| 27:48 | Create | Unit 2626 |
| 28:02 | Build | Mining Camp |
Build order — Snrcrackles
First 150 of 181 actions detected
| 0:23 | Build | Town Center |
| 0:39 | Build | House |
| 0:41 | Build | Dock |
| 2:39 | Create | Villager (Male) ×4 |
| 3:53 | Create | Fishing Ship |
| 4:09 | Create | Villager (Male) |
| 4:13 | Build | House |
| 4:42 | Research | Loom |
| 5:13 | Create | Villager (Male) |
| 5:13 | Create | Villager (Male) |
| 5:15 | Create | Fishing Ship |
| 5:51 | Create | Villager (Male) |
| 5:52 | Create | Villager (Male) |
| 6:44 | Create | Fishing Ship |
| 6:56 | Create | Villager (Male) |
| 6:56 | Create | Villager (Male) |
| 7:00 | Build | House |
| 7:31 | Create | Villager (Male) |
| 7:51 | Create | Fishing Ship |
| 8:07 | Create | Villager (Male) |
| 8:07 | Create | Villager (Male) |
| 8:07 | Create | Villager (Male) |
| 8:08 | Create | Villager (Male) |
| 8:24 | Create | Villager (Male) |
| 8:30 | Create | Villager (Male) |
| 8:34 | Build | House |
| 8:59 | Create | Villager (Male) |
| 9:40 | Build | Lumber Camp |
| 9:44 | Create | Villager (Male) |
| 10:16 | Research | Feudal Age |
| 11:43 | Build | House |
| 12:26 | Age | Feudal Age |
| 12:28 | Build | House |
| 12:36 | Build | Town Center |
| 12:40 | Research | Double-Bit Axe |
| 13:05 | Create | Villager (Male) |
| 13:13 | Create | Villager (Male) |
| 13:30 | Create | Villager (Male) |
| 13:34 | Build | Mill |
| 13:57 | Create | Villager (Male) |
| 14:15 | Create | Villager (Male) |
| 14:15 | Create | Villager (Male) |
| 14:16 | Create | Villager (Male) |
| 14:19 | Build | House |
| 14:22 | Create | Villager (Male) |
| 14:29 | Research | Horse Collar |
| 14:32 | Build | Farm |
| 14:33 | Create | Villager (Male) |
| 14:35 | Build | Farm |
| 14:39 | Build | Farm |
| 14:41 | Build | Farm |
| 14:48 | Build | Farm |
| 14:54 | Build | Farm |
| 15:01 | Create | Villager (Male) |
| 15:01 | Create | Villager (Male) |
| 15:02 | Create | Villager (Male) |
| 15:04 | Build | House |
| 15:09 | Build | Farm |
| 15:14 | Create | Villager (Male) |
| 15:15 | Create | Villager (Male) |
| 15:28 | Create | Villager (Male) |
| 15:28 | Create | Villager (Male) |
| 15:29 | Create | Villager (Male) |
| 15:29 | Create | Villager (Male) |
| 15:30 | Create | Villager (Male) |
| 15:33 | Build | House |
| 16:00 | Create | Villager (Male) |
| 16:06 | Build | Mining Camp |
| 16:15 | Create | Villager (Male) |
| 16:22 | Create | Villager (Male) |
| 16:22 | Create | Villager (Male) |
| 16:26 | Build | House |
| 16:58 | Create | Villager (Male) |
| 16:59 | Create | Villager (Male) |
| 17:01 | Build | House |
| 17:12 | Create | Villager (Male) |
| 17:15 | Build | Market |
| 17:18 | Build | Blacksmith |
| 17:27 | Build | House |
| 18:12 | Build | House |
| 18:14 | Build | House |
| 18:14 | Build | House |
| 18:15 | Build | House |
| 18:29 | Build | Farm |
| 18:32 | Build | Farm |
| 18:34 | Create | Villager (Male) |
| 18:36 | Build | Farm |
| 18:38 | Build | Farm |
| 18:40 | Build | Farm |
| 19:50 | Research | Castle Age |
| 20:08 | Build | Barracks |
| 20:15 | Create | Villager (Male) |
| 21:02 | Create | Villager (Male) |
| 21:20 | Build | Stable |
| 21:23 | Create | Villager (Male) |
| 22:03 | Create | Villager (Male) |
| 22:07 | Create | Villager (Male) |
| 22:07 | Create | Villager (Male) |
| 22:09 | Research | Fletching |
| 22:30 | Age | Castle Age |
| 22:33 | Build | Castle |
| 22:40 | Build | Town Center |
| 22:48 | Research | Bodkin Arrow |
| 22:50 | Research | Bloodlines |
| 23:02 | Build | Archery Range |
| 23:34 | Build | Castle |
| 23:51 | Create | Villager (Male) |
| 23:51 | Create | Villager (Male) |
| 23:51 | Create | Villager (Male) |
| 23:53 | Create | Villager (Male) |
| 23:53 | Create | Villager (Male) |
| 24:12 | Create | Villager (Male) |
| 24:12 | Create | Villager (Male) |
| 24:12 | Create | Villager (Male) |
| 24:13 | Create | Villager (Male) |
| 24:34 | Create | Kipchak |
| 24:34 | Create | Kipchak |
| 24:43 | Research | Gold Mining |
| 24:50 | Create | Kipchak |
| 25:00 | Create | Villager (Male) |
| 25:07 | Create | Villager (Male) |
| 25:19 | Create | Kipchak |
| 25:20 | Create | Kipchak |
| 25:41 | Create | Kipchak |
| 26:02 | Create | Kipchak |
| 26:09 | Create | Villager (Male) |
| 26:09 | Create | Villager (Male) |
| 26:26 | Build | Lumber Camp |
| 27:10 | Create | Kipchak |
| 27:10 | Create | Kipchak |
| 27:19 | Build | Mining Camp |
| 27:40 | Create | Villager (Male) |
| 27:40 | Create | Villager (Male) |
| 27:50 | Create | Kipchak |
| 27:50 | Create | Kipchak |
| 28:25 | Create | Kipchak |
| 28:25 | Create | Kipchak |
| 28:33 | Build | Market |
| 28:40 | Create | Villager (Male) |
| 28:47 | Create | Villager (Male) |
| 28:47 | Create | Villager (Male) |
| 28:58 | Create | Kipchak |
| 29:25 | Create | Villager (Male) |
| 29:34 | Create | Kipchak |
| 29:34 | Create | Kipchak |
| 29:52 | Build | Town Center |
| 29:59 | Create | Kipchak |
| 30:23 | Create | Kipchak |
| 30:24 | Create | Kipchak |
| 31:08 | Create | Kipchak |
Build order — Zombla
First 150 of 355 actions detected
| 0:19 | Build | Town Center |
| 0:51 | Build | Dock |
| 0:56 | Build | House |
| 2:26 | Build | Palisade Wall |
| 2:33 | Create | Villager (Male) |
| 2:34 | Create | Villager (Male) |
| 2:34 | Create | Villager (Male) |
| 2:34 | Create | Villager (Male) |
| 2:35 | Create | Villager (Male) |
| 4:09 | Create | Villager (Male) |
| 4:09 | Create | Villager (Male) |
| 4:11 | Create | Fishing Ship |
| 4:23 | Build | House |
| 4:43 | Create | Villager (Male) |
| 4:43 | Create | Villager (Male) |
| 5:10 | Create | Villager (Male) |
| 5:39 | Create | Villager (Male) |
| 5:39 | Create | Villager (Male) |
| 5:41 | Create | Fishing Ship |
| 5:55 | Build | House |
| 5:58 | Create | Villager (Male) |
| 5:59 | Create | Villager (Male) |
| 5:59 | Create | Villager (Male) |
| 6:22 | Build | House |
| 6:42 | Create | Villager (Male) |
| 6:42 | Create | Villager (Male) |
| 6:47 | Build | House |
| 6:50 | Create | Fishing Ship |
| 6:58 | Create | Villager (Male) |
| 7:17 | Create | Villager (Male) |
| 7:25 | Build | House |
| 7:46 | Create | Fishing Ship |
| 8:14 | Create | Villager (Male) |
| 8:30 | Create | Villager (Male) |
| 8:45 | Create | Villager (Male) |
| 9:00 | Create | Villager (Male) |
| 9:04 | Create | Fishing Ship |
| 9:11 | Build | House |
| 9:38 | Create | Villager (Male) |
| 9:54 | Create | Villager (Male) |
| 9:58 | Create | Fishing Ship |
| 10:44 | Build | Mining Camp |
| 10:46 | Build | House |
| 10:54 | Research | Loom |
| 11:03 | Build | House |
| 11:19 | Research | Feudal Age |
| 11:50 | Build | Mill |
| 12:05 | Build | Palisade Wall |
| 12:09 | Create | Fishing Ship |
| 12:26 | Build | House |
| 12:52 | Create | Villager (Male) |
| 12:52 | Create | Villager (Male) |
| 13:29 | Age | Feudal Age |
| 13:34 | Build | Market |
| 13:35 | Build | Blacksmith |
| 13:42 | Build | Lumber Camp |
| 13:55 | Research | Town Watch |
| 14:14 | Research | Double-Bit Axe |
| 14:14 | Research | Double-Bit Axe |
| 14:23 | Research | Castle Age |
| 14:36 | Build | Outpost |
| 14:56 | Build | House |
| 15:07 | Build | House |
| 15:26 | Research | Gold Mining |
| 15:26 | Research | Gold Mining |
| 16:30 | Create | Unit 2626 |
| 16:31 | Create | Unit 2626 |
| 16:56 | Create | Villager (Male) |
| 17:03 | Age | Castle Age |
| 17:06 | Build | Siege Workshop |
| 17:10 | Build | Monastery |
| 17:26 | Build | Fish Trap |
| 17:37 | Create | Villager (Male) |
| 17:37 | Create | Villager (Male) |
| 17:59 | Create | Monk |
| 17:59 | Create | Mangonel |
| 18:03 | Create | Villager (Male) |
| 18:07 | Create | Villager (Male) |
| 18:29 | Create | Villager (Male) |
| 18:30 | Create | Mangonel |
| 18:32 | Create | Monk |
| 18:35 | Create | Villager (Male) |
| 19:10 | Create | Monk |
| 19:16 | Create | Villager (Male) |
| 19:23 | Create | Villager (Male) |
| 19:29 | Research | Bow Saw |
| 19:29 | Research | Bow Saw |
| 19:41 | Create | Villager (Male) |
| 20:00 | Create | Mangonel |
| 20:40 | Build | House |
| 20:43 | Build | House |
| 20:53 | Build | House |
| 21:05 | Research | Sanctity |
| 21:05 | Research | Sanctity |
| 21:05 | Research | Sanctity |
| 21:12 | Research | Wheelbarrow |
| 21:12 | Research | Wheelbarrow |
| 21:15 | Build | Town Center |
| 22:04 | Create | Villager (Male) |
| 22:08 | Create | Villager (Male) |
| 22:13 | Build | Outpost |
| 22:22 | Create | Villager (Male) |
| 22:29 | Build | Town Center |
| 22:39 | Build | Palisade Gate |
| 23:14 | Create | Villager (Male) |
| 23:15 | Create | Villager (Male) |
| 23:16 | Research | Horse Collar |
| 23:16 | Research | Horse Collar |
| 23:38 | Create | Monk |
| 23:43 | Create | Villager (Male) |
| 23:43 | Create | Villager (Male) |
| 24:00 | Create | Monk |
| 24:06 | Create | Villager (Male) |
| 24:07 | Create | Villager (Male) |
| 24:15 | Build | Dock |
| 24:29 | Create | Villager (Male) |
| 24:35 | Build | Farm |
| 24:37 | Build | Farm |
| 24:40 | Create | Villager (Male) |
| 24:40 | Create | Villager (Male) |
| 24:40 | Create | Villager (Male) |
| 25:04 | Create | Villager (Male) |
| 25:04 | Create | Villager (Male) |
| 25:08 | Build | Lumber Camp |
| 25:28 | Build | Stone Wall |
| 25:32 | Build | Stone Wall |
| 25:36 | Research | Tech 905 |
| 25:37 | Research | Tech 905 |
| 25:43 | Create | Villager (Male) |
| 25:43 | Create | Villager (Male) |
| 25:45 | Build | Farm |
| 25:46 | Build | Farm |
| 25:48 | Build | Farm |
| 25:49 | Build | Farm |
| 25:59 | Create | Villager (Male) |
| 25:59 | Create | Villager (Male) |
| 25:59 | Create | Villager (Male) |
| 26:01 | Create | Villager (Male) |
| 26:02 | Create | Villager (Male) |
| 26:06 | Build | Town Center |
| 26:14 | Create | Villager (Male) |
| 26:40 | Create | Monk |
| 26:46 | Build | Farm |
| 26:47 | Create | Villager (Male) |
| 26:48 | Create | Villager (Male) |
| 26:48 | Create | Villager (Male) |
| 26:49 | Create | Villager (Male) |
| 26:49 | Create | Villager (Male) |
| 26:52 | Build | House |
| 26:53 | Build | House |
Build order — Player_3
First 150 of 415 actions detected
| 0:02 | Build | Town Center |
| 0:47 | Build | Dock |
| 0:49 | Build | House |
| 2:20 | Create | Villager (Male) |
| 2:20 | Create | Villager (Male) |
| 2:20 | Create | Villager (Male) |
| 2:21 | Create | Villager (Male) |
| 3:27 | Create | Fishing Ship |
| 3:51 | Create | Villager (Male) |
| 4:13 | Create | Villager (Male) |
| 4:40 | Create | Villager (Male) |
| 5:03 | Create | Villager (Male) |
| 5:19 | Create | Fishing Ship |
| 5:29 | Create | Villager (Male) |
| 5:48 | Build | House |
| 5:51 | Create | Villager (Male) |
| 6:00 | Create | Villager (Male) |
| 6:19 | Create | Fishing Ship |
| 6:32 | Create | Villager (Male) |
| 6:57 | Create | Villager (Male) |
| 7:02 | Create | Villager (Male) |
| 7:11 | Create | Fishing Ship |
| 7:19 | Create | Villager (Male) |
| 7:39 | Create | Villager (Male) |
| 7:44 | Create | Fishing Ship |
| 8:21 | Create | Villager (Male) |
| 8:24 | Research | Loom |
| 8:34 | Build | Settlement |
| 9:22 | Research | Feudal Age |
| 9:23 | Research | Feudal Age |
| 10:21 | Create | Villager (Male) |
| 10:29 | Create | Villager (Male) |
| 10:40 | Build | House |
| 10:51 | Build | Dock |
| 11:06 | Create | Villager (Male) |
| 11:35 | Age | Feudal Age |
| 11:36 | Create | Fire Galley |
| 11:37 | Create | Fire Galley |
| 11:40 | Research | Double-Bit Axe |
| 11:42 | Research | Gold Mining |
| 12:13 | Create | Villager (Male) |
| 12:18 | Build | Dock |
| 12:26 | Create | Fire Galley |
| 12:29 | Create | Villager (Male) |
| 12:42 | Create | Fire Galley |
| 12:57 | Create | Fire Galley |
| 13:02 | Create | Villager (Male) |
| 13:08 | Create | Villager (Male) |
| 13:24 | Create | Fire Galley |
| 13:31 | Research | Tech 906 |
| 13:41 | Create | Villager (Male) |
| 13:50 | Build | House |
| 13:51 | Build | House |
| 13:54 | Create | Villager (Male) |
| 14:04 | Create | Fishing Ship |
| 14:13 | Create | Villager (Male) |
| 14:15 | Create | Fire Galley |
| 14:32 | Create | Villager (Male) |
| 14:37 | Create | Fishing Ship |
| 14:37 | Create | Fishing Ship |
| 15:07 | Create | Villager (Male) |
| 15:08 | Create | Fire Galley |
| 15:18 | Create | Villager (Male) |
| 15:21 | Build | Dock |
| 15:36 | Create | Villager (Male) |
| 15:39 | Create | Fire Galley |
| 16:07 | Create | Fire Galley |
| 16:08 | Create | Fishing Ship |
| 16:36 | Create | Villager (Male) |
| 16:55 | Create | Villager (Male) |
| 16:59 | Build | Blacksmith |
| 17:05 | Create | Galley |
| 17:05 | Create | Galley |
| 17:30 | Create | Galley |
| 17:30 | Create | Galley |
| 17:32 | Create | Villager (Male) |
| 17:45 | Create | Galley |
| 18:18 | Create | Galley |
| 18:19 | Create | Galley |
| 18:27 | Build | Market |
| 18:39 | Create | Villager (Male) |
| 18:46 | Create | Galley |
| 18:49 | Research | Fletching |
| 19:02 | Create | Fire Galley |
| 19:10 | Create | Villager (Male) |
| 19:22 | Create | Villager (Male) |
| 19:33 | Create | Unit 2626 |
| 19:34 | Create | Unit 2626 |
| 19:39 | Create | Villager (Male) |
| 20:02 | Research | Castle Age |
| 20:04 | Create | Unit 2626 |
| 20:04 | Create | Unit 2626 |
| 20:04 | Create | Unit 2626 |
| 20:17 | Create | Villager (Male) |
| 20:54 | Create | Unit 2626 |
| 20:54 | Create | Unit 2626 |
| 20:54 | Create | Unit 2626 |
| 20:57 | Create | Villager (Male) |
| 21:03 | Create | Unit 2626 |
| 21:10 | Create | Unit 2626 |
| 21:26 | Create | Villager (Male) |
| 21:39 | Create | Villager (Male) |
| 21:56 | Create | Villager (Male) |
| 22:02 | Build | Dock |
| 22:04 | Build | Dock |
| 22:11 | Create | Unit 2626 |
| 22:11 | Create | Unit 2626 |
| 22:11 | Create | Unit 2626 |
| 22:25 | Create | Villager (Male) |
| 22:41 | Age | Castle Age |
| 22:48 | Research | War Galley (upgrade) |
| 22:48 | Create | Unit 2626 |
| 22:49 | Create | Unit 2626 |
| 22:54 | Create | Fishing Ship |
| 23:04 | Create | Villager (Male) |
| 23:10 | Build | Settlement |
| 23:12 | Create | Villager (Male) |
| 23:18 | Research | Horse Collar |
| 23:19 | Create | Villager (Male) |
| 23:31 | Create | Unit 2626 |
| 23:32 | Create | Unit 2626 |
| 23:33 | Create | Villager (Male) |
| 23:35 | Create | Villager (Male) |
| 23:48 | Create | Villager (Male) |
| 23:52 | Research | Wheelbarrow |
| 23:54 | Research | Bow Saw |
| 24:01 | Create | Villager (Male) |
| 24:09 | Build | Town Center |
| 24:29 | Build | Town Center |
| 24:32 | Create | Villager (Male) |
| 24:34 | Create | Villager (Male) |
| 24:48 | Research | Gillnets |
| 24:54 | Research | Forging |
| 25:01 | Build | Dock |
| 25:05 | Create | Fishing Ship |
| 25:16 | Create | Unit 2626 |
| 25:16 | Create | Unit 2626 |
| 25:16 | Create | Unit 2626 |
| 25:20 | Create | Villager (Male) |
| 25:45 | Create | Villager (Male) |
| 25:49 | Create | Unit 2626 |
| 25:49 | Create | Unit 2626 |
| 25:49 | Create | Unit 2626 |
| 25:52 | Create | Villager (Male) |
| 25:54 | Build | Farm |
| 25:56 | Create | Villager (Male) |
| 25:56 | Create | Villager (Male) |
| 25:56 | Create | Villager (Male) |
| 25:58 | Build | Farm |
| 25:59 | Build | Farm |
Build order — 105er.DarkSheep
125 actions detected in the replay
| 0:22 | Build | Town Center |
| 2:46 | Research | Loom |
| 3:44 | Create | Villager (Male) |
| 4:13 | Create | Villager (Male) |
| 4:40 | Create | Villager (Male) |
| 5:04 | Build | House |
| 5:05 | Build | House |
| 5:13 | Create | Villager (Male) |
| 5:37 | Create | Villager (Male) |
| 6:10 | Create | Villager (Male) |
| 6:14 | Create | Villager (Male) |
| 6:45 | Build | Dock |
| 6:49 | Create | Villager (Male) |
| 6:50 | Create | Villager (Male) |
| 7:38 | Create | Fishing Ship |
| 7:54 | Create | Villager (Male) ×3 |
| 8:13 | Create | Fishing Ship |
| 8:36 | Create | Fishing Ship |
| 8:48 | Create | Villager (Male) |
| 9:02 | Create | Villager (Male) |
| 9:08 | Create | Fishing Ship |
| 9:21 | Build | Mill |
| 9:27 | Create | Villager (Male) |
| 9:43 | Build | House |
| 9:59 | Create | Fishing Ship |
| 10:08 | Create | Villager (Male) |
| 10:42 | Create | Villager (Male) |
| 10:44 | Create | Fishing Ship |
| 10:57 | Build | House |
| 11:24 | Create | Villager (Male) |
| 11:52 | Research | Feudal Age |
| 12:25 | Create | Villager (Male) |
| 12:26 | Create | Villager (Male) |
| 12:30 | Build | Barracks |
| 13:19 | Create | Villager (Male) |
| 13:26 | Build | Lumber Camp |
| 14:02 | Age | Feudal Age |
| 14:04 | Research | Double-Bit Axe |
| 14:07 | Build | Archery Range |
| 14:35 | Build | Archery Range |
| 14:53 | Create | Archer |
| 14:55 | Create | Villager (Male) |
| 15:13 | Create | Villager (Male) |
| 15:25 | Build | Blacksmith |
| 15:27 | Create | Archer |
| 15:31 | Create | Archer |
| 15:34 | Build | House |
| 15:35 | Build | House |
| 15:42 | Create | Villager (Male) |
| 15:42 | Create | Villager (Male) |
| 15:45 | Research | Horse Collar |
| 16:00 | Create | Archer |
| 16:00 | Create | Archer |
| 16:28 | Research | Fletching |
| 16:29 | Create | Archer |
| 16:30 | Create | Archer |
| 16:40 | Build | Farm |
| 16:47 | Build | Farm |
| 16:55 | Create | Archer |
| 16:56 | Create | Villager (Male) |
| 16:57 | Create | Villager (Male) |
| 17:08 | Build | Farm |
| 17:39 | Create | Villager (Male) |
| 17:39 | Create | Villager (Male) |
| 17:39 | Create | Archer |
| 17:40 | Create | Archer |
| 17:42 | Create | Villager (Male) |
| 17:54 | Build | Barracks |
| 17:56 | Build | House |
| 18:29 | Build | Lumber Camp |
| 18:38 | Create | Archer |
| 18:57 | Create | Villager (Male) |
| 19:16 | Build | Mill |
| 19:43 | Research | Wheelbarrow |
| 22:31 | Build | Town Center |
| 24:05 | Create | Villager (Male) |
| 24:48 | Create | Villager (Male) |
| 24:48 | Create | Villager (Male) |
| 24:49 | Create | Villager (Male) |
| 25:08 | Create | Villager (Male) |
| 26:23 | Create | Villager (Male) |
| 27:01 | Create | Villager (Male) ×5 |
| 27:11 | Build | Watch Tower |
| 28:00 | Build | Market |
| 28:04 | Create | Villager (Male) |
| 28:31 | Build | Mill |
| 28:44 | Build | Farm |
| 28:50 | Build | Farm |
| 28:53 | Build | Farm |
| 28:54 | Build | Farm |
| 28:55 | Create | Villager (Male) |
| 29:13 | Research | Castle Age |
| 29:27 | Build | Dock |
| 29:31 | Build | Dock |
| 30:49 | Build | Mining Camp |
| 30:59 | Create | Villager (Male) ×5 |
| 31:00 | Create | Fishing Ship |
| 31:01 | Create | Fishing Ship |
| 31:01 | Create | Fishing Ship |
| 31:01 | Create | Fishing Ship |
| 31:51 | Research | Stone Mining |
| 31:52 | Research | Gold Mining |
| 32:35 | Create | Villager (Male) |
| 32:36 | Age | Castle Age |
| 32:41 | Research | Bow Saw |
| 33:28 | Build | Castle |
| 34:32 | Create | Villager (Male) |
| 35:06 | Create | Villager (Male) |
| 35:17 | Build | Castle |
| 35:24 | Create | Villager (Male) |
| 35:37 | Create | Villager (Male) |
| 35:39 | Build | Lumber Camp |
| 36:33 | Build | Siege Workshop |
| 36:49 | Create | Villager (Male) ×5 |
| 37:10 | Build | Siege Workshop |
| 37:26 | Create | Scorpion |
| 37:40 | Create | Scorpion |
| 38:07 | Create | Scorpion |
| 38:07 | Create | Scorpion |
| 38:08 | Create | Villager (Male) |
| 38:08 | Create | Villager (Male) |
| 38:55 | Create | Scorpion |
| 38:55 | Create | Scorpion |
| 38:57 | Create | Fishing Ship |
| 38:57 | Create | Fishing Ship |
Build order — rayane.tal22
First 150 of 242 actions detected
| 0:54 | Build | Dock |
| 1:11 | Build | Town Center |
| 1:21 | Build | House |
| 3:18 | Create | Villager (Male) |
| 3:18 | Create | Villager (Male) |
| 3:19 | Create | Villager (Male) |
| 3:19 | Create | Villager (Male) |
| 3:31 | Build | Palisade Wall |
| 3:34 | Build | Palisade Wall |
| 3:52 | Build | House |
| 4:25 | Research | Loom |
| 4:33 | Create | Villager (Male) |
| 4:33 | Create | Villager (Male) |
| 5:08 | Create | Fishing Ship |
| 5:21 | Build | House |
| 5:36 | Build | House |
| 6:00 | Create | Fishing Ship |
| 6:01 | Create | Villager (Male) |
| 6:21 | Create | Villager (Male) |
| 6:43 | Create | Villager (Male) |
| 6:50 | Build | House |
| 7:01 | Create | Villager (Male) |
| 7:29 | Create | Villager (Male) |
| 7:31 | Create | Fishing Ship |
| 7:45 | Create | Villager (Male) |
| 7:55 | Create | Villager (Male) |
| 8:07 | Build | House |
| 8:19 | Build | House |
| 8:24 | Build | House |
| 8:46 | Create | Fishing Ship |
| 8:52 | Create | Villager (Male) |
| 9:06 | Create | Villager (Male) |
| 9:06 | Create | Villager (Male) |
| 9:46 | Create | Fishing Ship |
| 9:50 | Create | Villager (Male) |
| 10:21 | Create | Villager (Male) |
| 10:23 | Build | Mill |
| 10:53 | Create | Fishing Ship |
| 11:01 | Research | Feudal Age |
| 11:20 | Build | Dock |
| 11:53 | Create | Fishing Ship |
| 12:11 | Create | Fishing Ship |
| 12:14 | Create | Villager (Male) |
| 12:39 | Build | House |
| 12:41 | Build | House |
| 13:11 | Age | Feudal Age |
| 13:13 | Create | Fire Galley |
| 13:13 | Create | Fire Galley |
| 13:14 | Create | Fire Galley |
| 13:17 | Create | Villager (Male) |
| 13:47 | Create | Fire Galley |
| 13:51 | Create | Villager (Male) |
| 14:22 | Create | Fire Galley |
| 14:22 | Create | Fire Galley |
| 14:27 | Create | Villager (Male) |
| 14:51 | Create | Fire Galley |
| 14:53 | Create | Villager (Male) |
| 15:12 | Build | Mule Cart |
| 15:13 | Create | Villager (Male) |
| 15:26 | Create | Fire Galley |
| 15:36 | Build | House |
| 15:40 | Research | Double-Bit Axe |
| 15:41 | Create | Villager (Male) |
| 15:58 | Build | Mill |
| 15:59 | Create | Villager (Male) |
| 16:11 | Create | Fire Galley |
| 16:29 | Create | Villager (Male) |
| 16:35 | Create | Fire Galley |
| 16:37 | Build | House |
| 16:54 | Create | Villager (Male) |
| 17:05 | Create | Fire Galley |
| 17:21 | Build | Watch Tower |
| 17:36 | Create | Villager (Male) |
| 17:45 | Build | House |
| 18:04 | Build | Market |
| 18:19 | Create | Villager (Male) |
| 18:41 | Create | Villager (Male) |
| 18:43 | Build | Blacksmith |
| 18:52 | Build | Farm |
| 18:58 | Build | Farm |
| 19:02 | Research | Town Watch |
| 19:05 | Build | Farm |
| 19:39 | Research | Castle Age |
| 19:56 | Build | Farm |
| 20:01 | Create | Fire Galley |
| 20:02 | Create | Fire Galley |
| 20:02 | Create | Fire Galley |
| 20:08 | Build | Outpost |
| 20:20 | Build | Farm |
| 20:37 | Create | Fire Galley |
| 20:37 | Create | Fire Galley |
| 20:44 | Create | Fire Galley |
| 21:03 | Create | Fire Galley |
| 21:10 | Build | Outpost |
| 21:18 | Create | Fire Galley |
| 21:19 | Create | Fire Galley |
| 21:45 | Create | Fire Galley |
| 22:19 | Age | Castle Age |
| 22:28 | Create | Villager (Male) |
| 22:31 | Research | War Galley (upgrade) |
| 22:32 | Build | Outpost |
| 23:13 | Create | Galley |
| 23:13 | Create | Galley |
| 23:13 | Create | Galley |
| 23:13 | Create | Galley |
| 23:15 | Create | Villager (Male) |
| 23:25 | Build | Dock |
| 23:33 | Build | Farm |
| 23:35 | Create | Villager (Male) |
| 23:49 | Create | Galley |
| 23:49 | Create | Galley |
| 23:53 | Build | House |
| 23:54 | Build | House |
| 23:59 | Research | Fletching |
| 24:00 | Research | Padded Archer Armor |
| 24:03 | Create | Villager (Male) |
| 24:08 | Build | Mule Cart |
| 24:24 | Create | Galley |
| 24:24 | Create | Galley |
| 24:27 | Create | Villager (Male) |
| 24:34 | Research | Bow Saw |
| 24:36 | Create | Galley |
| 24:44 | Research | Bodkin Arrow |
| 24:52 | Create | Villager (Male) |
| 25:03 | Create | Galley |
| 25:14 | Create | Villager (Male) |
| 25:29 | Create | Galley |
| 25:37 | Create | Villager (Male) |
| 25:47 | Create | Galley |
| 25:55 | Build | House |
| 25:55 | Build | House |
| 26:08 | Create | Villager (Male) |
| 26:09 | Create | Galley |
| 26:10 | Create | Galley |
| 26:38 | Create | Villager (Male) |
| 27:02 | Create | Demolition Raft |
| 27:02 | Create | Demolition Raft |
| 27:02 | Create | Demolition Raft |
| 27:13 | Research | Tech 906 |
| 27:13 | Create | Fishing Ship |
| 27:14 | Create | Fishing Ship |
| 27:14 | Create | Fishing Ship |
| 27:14 | Create | Fishing Ship |
| 27:22 | Create | Villager (Male) |
| 27:47 | Build | Town Center |
| 27:48 | Create | Villager (Male) |
| 27:54 | Build | House |
| 28:11 | Create | Villager (Male) |
| 28:29 | Research | Gillnets |
| 28:33 | Create | Villager (Male) |
Match timeline
| 0:41 | Snrcrackles · first_building Dock |
| 0:47 | Player_3 · first_building Dock |
| 0:51 | Zombla · first_building Dock |
| 0:54 | rayane.tal22 · first_building Dock |
| 1:20 | Rombla · first_building Dock |
| 2:26 | Zombla · wall_segment Palisade Wall x1 |
| 3:31 | rayane.tal22 · wall_segment Palisade Wall x1 |
| 3:34 | rayane.tal22 · wall_segment Palisade Wall x1 |
| 6:45 | 105er.DarkSheep · first_building Dock |
| 11:35 | Player_3 · age_up feudal |
| 12:05 | Zombla · wall_segment Palisade Wall x1 |
| 12:26 | Snrcrackles · age_up feudal |
| 12:30 | 105er.DarkSheep · first_building Barracks |
| 13:10 | Rombla · age_up feudal |
| 13:11 | rayane.tal22 · age_up feudal |
| 13:13 | Rombla · wall_segment Stone Wall x1 |
| 13:29 | Zombla · age_up feudal |
| 14:02 | 105er.DarkSheep · age_up feudal |
| 14:07 | 105er.DarkSheep · first_building Archery Range |
| 17:03 | Zombla · age_up castle |
| 17:06 | Zombla · first_building Siege Workshop |
| 17:10 | Zombla · first_building Monastery |
| 17:18 | Rombla · age_up castle |
| 17:25 | Rombla · first_building Castle |
| 17:42 | Zombla · first_market_buy 100 wood |
| 19:53 | Rombla · first_market_buy 100 food |
| 20:08 | Snrcrackles · first_building Barracks |
| 21:20 | Snrcrackles · first_building Stable |
| 22:19 | rayane.tal22 · age_up castle |
| 22:30 | Snrcrackles · age_up castle |
| 22:33 | Snrcrackles · first_building Castle |
| 22:41 | Player_3 · age_up castle |
| 23:02 | Snrcrackles · first_building Archery Range |
| 24:06 | Player_3 · first_market_buy 100 wood |
| 24:16 | Player_3 · first_market_sell 100 food |
| 24:31 | rayane.tal22 · first_market_sell 100 food |
| 24:32 | rayane.tal22 · first_market_buy 100 wood |
| 25:28 | Zombla · wall_segment Stone Wall x1 |
| 25:32 | Zombla · wall_segment Stone Wall x1 |
| 28:01 | Player_3 · first_building Barracks |
| 28:05 | Rombla · first_building Siege Workshop |
| 29:16 | Player_3 · first_building Archery Range |
| 29:47 | Snrcrackles · first_market_buy 100 stone |
| 30:29 | Zombla · first_building Barracks |
| 31:42 | Zombla · first_building Stable |
| 32:36 | 105er.DarkSheep · age_up castle |
| 33:02 | Rombla · first_building Barracks |
| 33:05 | rayane.tal22 · first_building Barracks |
| 33:12 | rayane.tal22 · first_building Monastery |
| 33:14 | 105er.DarkSheep · first_market_buy 100 stone |
| 33:16 | 105er.DarkSheep · first_market_sell 500 food |
| 33:28 | 105er.DarkSheep · first_building Castle |
| 34:03 | rayane.tal22 · first_building Castle |
| 34:12 | Player_3 · first_building Monastery |
| 34:40 | Zombla · first_building Castle |
| 34:44 | rayane.tal22 · first_building Siege Workshop |
| 35:17 | Zombla · age_up imperial |
| 35:50 | Player_3 · wall_segment Stone Wall x15 |
| 36:28 | rayane.tal22 · first_building Archery Range |
| 36:33 | 105er.DarkSheep · first_building Siege Workshop |
| 37:31 | rayane.tal22 · age_up imperial |
| 37:59 | Player_3 · age_up imperial |
| 39:07 | Player_3 · resign |
[ AI ANALYSIS · 1 CREDIT ]
What really happened in this match?
Wolo.gg analyzes every decision: build order, eco, micro, common mistakes by bracket. Personalized analysis on WhatsApp or Discord in 30 seconds.
Civ guide
Malians
Perfil
Jugador #5869039